AoeStats
← Ampiku

Arabia

505023653Analyzed
1v1 RM · 1mo ago on Sep 7, 2026· 49m 4s· 2 players
Game mode
Random Map
Map size
Tiny (2 player)
Population
200
Speed
Normal
Resources
Standard
Victory
Conquest
Starting age
Dark Age
Ending age
Imperial Age
RankedLock teamsTeams togetherTeam positionsShared explorationLock speedFull tech treeHidden civsTurbo modeCheats
Victory
Defeat
🇦🇷 Wei · Argentina
1119
+17
vs
🇪🇸 Magyars · Spain
1144
-17
sepa89
6:57 Loom
10:09 Feudal Age
14:45 Double-Bit Axe
15:14 Horse Collar
20:11 Scale Barding Armor
19:59 Fletching
23:15 Castle Age
21:59 Forging
22:32 Gold Mining
23:10 Padded Archer Armor
23:59 Bodkin Arrow
24:59 Leather Archer Armor
25:41 Bloodlines
26:45 Husbandry
27:11 Heavy Plow
28:55 Wheelbarrow
28:08 Elite Skirmisher
30:13 Bow Saw
30:58 Heated Shot
31:32 Ballistics
35:05 Sanctity
37:29 Imperial Age
35:47 Hand Cart
37:23 Scale Barding Armor
38:18 Bracer
38:39 Chain Barding Armor
41:30 Chemistry
41:53 Crop Rotation
43:43 Parthian Tactics
45:13 Ring Archer Armor
45:19 Iron Casting
47:49 Ming Guang Armor
47:40 Elite Tiger Cavalry
49:51 Masonry
Ampiku
5:14 Loom
9:33 Feudal Age
10:45 Double-Bit Axe
17:02 Horse Collar
17:16 Gold Mining
18:35 Town Watch
21:10 Castle Age
20:59 Bloodlines
20:52 Fletching
21:57 Bodkin Arrow
22:25 Bow Saw
23:24 Padded Archer Armor
23:03 Man-at-Arms
23:51 Husbandry
25:46 Wheelbarrow
24:37 Long Swordsman
26:52 Leather Archer Armor
29:16 Hand Cart
29:39 Ballistics
30:24 Thumb Ring
35:15 Heavy Plow
43:19 Imperial Age
44:35 Parthian Tactics
44:04 Heavy Cavalry Archer
45:47 Ring Archer Armor
Connection lost

Rejoining the realm…

Still unreachable

The connection could not be restored.

Session expired

The server has moved on; the page needs a fresh start.